 Dungeon Crawl Stone Soup version 0.29-a0-275-g389c0b56f3 (webtiles) character file.

Game seed: 2703110191297655852

2084471 Inarius the Hand of Fortune (level 27, 192/220 HPs)
             Began as a Demonspawn Fighter on Mar 6, 2022.
             Was the Champion of Nemelex Xobeh.
             Escaped with the Orb
             ... and 4 runes on Mar 9, 2022!
             The game lasted 03:38:28 (90555 turns).

Inarius the Hand of Fortune (Demonspawn Fighter)   Turns: 90555, Time: 03:38:28

Health: 192/220    AC: 37    Str: 32    XL:     27
Magic:  49/49      EV: 11    Int: 11    God:    Nemelex Xobeh [******]
Gold:   10054      SH: 31    Dex: 15    Spells: 26/26 levels left

rFire   + + +      SeeInvis +     - Unarmed
rCold   + + +      Faith    .   N - +2 tower shield
rNeg    + . .      Spirit   .   C - +11 gold dragon scales
rPois   +          Reflect  +   L - +2 helmet of Xocytac {Str+3 Int+2}
rElec   +          Harm     .   a - scarf {rC+ rF+}
rCorr   +          Rampage  .   (gloves unavailable)
Will    +++..                   s - +2 pair of boots {Fly}
Stlth   ..........              u - amulet of the Dropbear {Reflect rF+ Will+ SH+5 SInv}
HPRegen 0.46/turn               Q - ring of Ruicaluf {rElec rF+ rCorr MP+9 Dex-4}
MPRegen 0.31/turn               n - ring "Sakesch" {rElec rC+ rN+ Dex+4}

@: flying
A: claws 3, demonic guardian 3, spiny 3, black mark, sharp scales 3, bedeviling,
aura of silence, deformed body, mutation resistance 1, screaming 1, inability to
read while threatened
0: Orb of Zot
}: 4/15 runes: barnacled, slimy, silver, gossamer
a: Renounce Religion, Draw Escape, Draw Destruction, Draw Summoning, Triple
Draw, Deal Four, Stack Five


You escaped.
You worshipped Nemelex Xobeh.
Nemelex Xobeh was exalted by your worship.
You visited 12 branches of the dungeon, and saw 57 of its levels.
You visited 1 ziggurat, and saw 11 of its levels.
You also visited: Trove, Sewer, Ice Cave, Volcano and Wizlab.

You collected 11189 gold pieces.
You spent 1135 gold pieces at shops.

Inventory:

Armour
 a - a scarf of resistance (worn)
 s - a +2 pair of boots of flying (worn)
 x - the +7 scale mail of Cheibriados's Envy {Regen+ Dex+3}
   (You found it on level 4 of the Dungeon)

   Dex:       It affects your dexterity (+3).
   Regen:     It increases your rate of health regeneration.
 B - a +2 cloak of willpower
 C - +11 gold dragon scales (worn)
 L - the +2 helmet of Xocytac (worn) {Str+3 Int+2}
   (You found it on level 11 of the Dungeon)

   Str:       It affects your strength (+3).
   Int:       It affects your intelligence (+2).
 N - a +2 tower shield (worn)
 P - a +2 helmet of see invisible
 R - the +1 fire dragon scales of the Guardian {rF++ rC- rN+ Str+2}
   (You found it in a volcano)

   Str:       It affects your strength (+2).
   rF:        It greatly protects you from fire.
   rC:        It makes you vulnerable to cold.
   rN:        It protects you from negative energy.
Jewellery
 n - the ring "Sakesch" (right claw) {rElec rC+ rN+ Dex+4}
   (You found it on level 3 of the Crypt)

   [ring of positive energy]

   Dex:       It affects your dexterity (+4).
   rC:        It protects you from cold.
   rElec:     It insulates you from electricity.
   rN:        It protects you from negative energy.
 u - the amulet of the Dropbear (around neck) {Reflect rF+ Will+ SH+5 SInv}
   (You found it on level 5 of a ziggurat)

   [amulet of reflection]

   It reflects blocked missile attacks.
   rF:        It protects you from fire.
   SInv:      It lets you see invisible.
   SH:        It affects your SH (+5).
   Will:      It increases your willpower.
 I - the ring "Zefe" {rPois rN+ MP+9 Str-4}
   (You took it off a merfolk impaler on level 4 of the Shoals)

   [ring of poison resistance]

   Str:       It affects your strength (-4).
   rPois:     It protects you from poison.
   rN:        It protects you from negative energy.
   MP:        It affects your magic capacity (+9).
 J - the amulet of Arrival {Regen+ Slay+3}
   (You found it on level 3 of the Crypt)

   [amulet of regeneration]

   Slay:      It affects your accuracy & damage with ranged weapons and melee
   (+3).
   Regen:     It increases your rate of health regeneration.
 O - the ring "Onosul" {rF+ EV+4 Dex+2}
   (You found it on level 1 of the Realm of Zot)

   [ring of evasion]

   EV:        It affects your evasion (+4).
   Dex:       It affects your dexterity (+2).
   rF:        It protects you from fire.
 Q - the ring of Ruicaluf (left claw) {rElec rF+ rCorr MP+9 Dex-4}
   (You found it on level 14 of the Dungeon)

   [ring of magical power]

   Dex:       It affects your dexterity (-4).
   rF:        It protects you from fire.
   rElec:     It insulates you from electricity.
   MP:        It affects your magic capacity (+9).
   rCorr:     It protects you from acid and corrosion.
 S - the dreamshard necklace {*Dream Drain}
   (You took it off a boggart on level 14 of the Dungeon)

   [amulet of nothing]

   It shatters if its wearer takes lethal or near-lethal damage, preventing the
   blow and releasing protective dreams that heal and fight for the wearer.
   Drain:     It drains your maximum health when unequipped.
 X - an amulet of guardian spirit
 Y - the ring of Wariness {rPois rC- rN+ Dex+5}
   (You found it on level 3 of the Crypt)

   [ring of positive energy]

   Dex:       It affects your dexterity (+5).
   rC:        It makes you vulnerable to cold.
   rPois:     It protects you from poison.
   rN:        It protects you from negative energy.
Wands
 c - a wand of polymorph (16)
 q - a wand of acid (23)
 t - a wand of iceblast (15)
 E - a wand of charming (12)
 T - a wand of paralysis (26)
 U - a wand of mindburst (29)
 V - a wand of digging (7)
Scrolls
 b - a scroll of magic mapping
 k - 18 scrolls of teleportation
 r - 3 scrolls of blinking
 D - 16 scrolls of fog
 F - 2 scrolls of fear
 M - 5 scrolls of noise
 Z - a scroll of silence
Potions
 d - 9 potions of might
 f - 2 potions of invisibility
 g - 2 potions of resistance
 i - 10 potions of mutation
 j - 8 potions of brilliance
 l - 2 potions of haste
 m - 6 potions of heal wounds
 v - 14 potions of curing
 w - 6 potions of magic
 z - 6 potions of berserk rage
 A - 9 potions of attraction
 K - 9 potions of ambrosia
Miscellaneous
 h - a phantom mirror
 o - a condenser vane
 p - a lightning rod (4/4)
 y - a box of beasts


   Skills:
 + Level 18.8 Fighting
 - Level 2.0 Axes
 + Level 17.6 Armour
 + Level 10.3 Dodging
 + Level 25.0 Shields
 O Level 27 Unarmed Combat
 O Level 27 Invocations
 + Level 11.6 Evocations


You had 26 spell levels left.
You didn't know any spells.
Your spell library contained the following spells:

 Spells                   Type           Power      Damage    Failure   Level
 Animate Skeleton         Necr           0%         N/A       99%         1
 Apportation              Tloc           0%         N/A       99%         1
 Beastly Appendage        Tmut           0%         N/A       99%         1
 Foxfire                  Conj/Fire      0%         2x1d4     99%         1
 Magic Dart               Conj           0%         1d3       99%         1
 Pain                     Necr           0%         1d4       99%         1
 Sandblast                Erth           0%         2d4       99%         1
 Slow                     Hex            0%         N/A       99%         1
 Sting                    Tmut/Pois      0%         1d3       99%         1
 Summon Small Mammal      Summ           0%         N/A       99%         1
 Blink                    Tloc           0%         N/A       100%        2
 Call Imp                 Summ           0%         N/A       100%        2
 Corpse Rot               Necr/Air       0%         N/A       100%        2
 Ensorcelled Hibernation  Hex/Ice        0%         N/A       100%        2
 Passwall                 Tmut/Erth      0%         N/A       100%        2
 Poisonous Vapours        Pois/Air       0%         N/A       100%        2
 Scorch                   Fire           0%         2d5       100%        2
 Static Discharge         Conj/Air       0%         N/A       100%        2
 Sublimation of Blood     Necr           0%         N/A       100%        2
 Wereblood                Tmut           0%         N/A       100%        2
 Confusing Touch          Hex            0%         N/A       100%        3
 Dazzling Flash           Conj/Hex       0%         N/A       100%        3
 Frozen Ramparts          Ice            0%         1d2       100%        3
 Gell's Gravitas          Tloc           0%         N/A       100%        3
 Ignite Poison            Fire/Tmut/Pois 0%         N/A       100%        3
 Lesser Beckoning         Tloc           0%         N/A       100%        3
 Mephitic Cloud           Conj/Pois/Air  0%         N/A       100%        3
 Ozocubu's Armour         Ice            0%         N/A       100%        3
 Spider Form              Tmut/Pois      0%         N/A       100%        3
 Stone Arrow              Conj/Erth      0%         3d7       100%        3
 Swiftness                Air            0%         N/A       100%        3
 Teleport Other           Tloc           0%         N/A       100%        3
 Vampiric Draining        Necr           0%         2d6       100%        3
 Airstrike                Air            0%         N/A       100%        4
 Anguish                  Hex/Necr       0%         N/A       100%        4
 Animate Armour           Summ/Erth      0%         N/A       100%        4
 Animate Dead             Necr           0%         N/A       100%        4
 Cause Fear               Hex            0%         N/A       100%        4
 Dispel Undead            Necr           0%         3d6       100%        4
 Flame Wave               Conj/Fire      0%         2d4       100%        4
 Hailstorm                Conj/Ice       0%         3d3       100%        4
 Ice Form                 Ice/Tmut       0%         N/A       100%        4
 Leda's Liquefaction      Hex/Erth       0%         N/A       100%        4
 Olgreb's Toxic Radiance  Pois           0%         N/A       100%        4
 Passage of Golubria      Tloc           0%         N/A       100%        4
 Petrify                  Tmut/Erth      0%         N/A       100%        4
 Sticky Flame             Conj/Fire      0%         2d3       100%        4
 Summon Ice Beast         Ice/Summ       0%         N/A       100%        4
 Summon Lightning Spire   Summ/Air       0%         N/A       100%        4
 Agony                    Necr           0%         N/A       100%        5
 Alistair's Intoxication  Tmut/Pois      0%         N/A       100%        5
 Blade Hands              Tmut           0%         N/A       100%        5
 Borgnjor's Vile Clutch   Necr/Erth      0%         N/A       100%        5
 Fireball                 Conj/Fire      0%         3d3       100%        5
 Freezing Cloud           Conj/Ice/Air   0%         6-21      100%        5
 Irradiate                Conj/Tmut      0%         3d13      100%        5
 Iskenderun's Battlesphe  Conj           0%         2d6       100%        5
 Lee's Rapid Deconstruct  Erth           0%         3d5*      100%        5
 Lightning Bolt           Conj/Air       0%         1d11      100%        5
 Manifold Assault         Tloc           0%         N/A       100%        5
 Metabolic Englaciation   Hex/Ice        0%         N/A       100%        5
 Silence                  Hex/Air        0%         N/A       100%        5
 Summon Forest            Summ/Tloc      0%         N/A       100%        5
 Summon Mana Viper        Hex/Summ       0%         N/A       100%        5
 Conjure Ball Lightning   Conj/Air       0%         3x3d6     100%        6
 Death Channel            Necr           0%         N/A       100%        6
 Dispersal                Tloc           0%         N/A       100%        6
 Eringya's Noxious Bog    Tmut/Pois      0%         N/A       100%        6
 Iron Shot                Conj/Erth      0%         9d1       100%        6
 Simulacrum               Ice/Necr       0%         N/A       100%        6
 Starburst                Conj/Fire      0%         6d3       100%        6
 Statue Form              Tmut/Erth      0%         N/A       100%        6
 Summon Cactus Giant      Summ           0%         N/A       100%        6
 Dragon Form              Tmut           0%         N/A       100%        7
 Enfeeble                 Hex            0%         N/A       100%        7
 Haunt                    Necr/Summ      0%         N/A       100%        7
 Monstrous Menagerie      Summ           0%         N/A       100%        7
 Orb of Destruction       Conj           0%         9d5       100%        7
 Ozocubu's Refrigeration  Ice            0%         4d5       100%        7
 Summon Hydra             Summ           0%         N/A       100%        7
 Borgnjor's Revivificati  Necr           0%         N/A       100%        8
 Disjunction              Tloc           0%         N/A       100%        8
 Ignition                 Fire           0%         3d3       100%        8
 Infestation              Necr           0%         N/A       100%        8
 Lehudib's Crystal Spear  Conj/Erth      0%         10d2      100%        8
 Maxwell's Capacitive Co  Air            0%         ∞         100%        8
 Necromutation            Tmut/Necr      0%         N/A       100%        8
 Chain Lightning          Conj/Air       0%         N/A       100%        9
 Death's Door             Necr           0%         N/A       100%        9
 Dragon's Call            Summ           0%         N/A       100%        9
 Fire Storm               Conj/Fire      0%         5d1       100%        9
 Polar Vortex             Ice            0%         N/A       100%        9
 Shatter                  Erth           0%         3d5*      100%        9


Dungeon Overview and Level Annotations

Branches:
Dungeon (15/15)            Temple (1/1) D:5            Lair (6/6) D:8
 Shoals (4/4) Lair:3       Spider (4/4) Lair:2        Slime (5/5) Lair:5
    Orc (2/2) D:9             Elf (3/3) Orc:2        Vaults (5/5) D:14
  Crypt (3/3) Vaults:3       Tomb (0/3) Crypt:3      Depths (4/4) D:15
    Zot (5/5) Depths:4      Sewer (visited)           IceCv (visited)
Volcano (visited)          WizLab (visited)

Altars:
Ashenzari
Cheibriados
Dithmenos
Elyvilon
Fedhas
Gozag
Hepliaklqana
Kikubaaqudgha
Makhleb
Nemelex Xobeh
Okawaru
Qazlal
Ru
Sif Muna
Trog
Uskayaw
Vehumet
Wu Jian
Xom
Yredelemnul
Zin
The Shining One
Jiyva
Lugonu

Shops:
D:8 (   D:9 (   Orc:2 ([([[   Elf:2 *   Vaults:1 [   Vaults:2 (   Vaults:3 :

Portals:
Hell: Depths:1 Depths:2 Depths:3 Depths:4
Abyss: D:4 Depths:2 Depths:3
Pandemonium: Depths:2

Annotations:
Elf:2 3 runed translucent doors
Crypt:1 2 runed translucent doors, Dahum's ghost, veteran FoFi
Depths:1 1 runed translucent door, Xockerhu's ghost, adept MiMo


Innate Abilities, Weirdness & Mutations

You have claws for hands.
A powerful demonic guardian rushes to your aid.
You are completely covered in sharp spines.
Your melee attacks may debilitate your foes.
You are completely covered in razor-sharp scales. (AC +3, Slay +3)
Your hexes are more powerful.
You are surrounded by an aura of silence.
Armour fits poorly on your strangely shaped body.
You are somewhat resistant to further mutation.
You occasionally shout uncontrollably at your foes.
You sometimes lose the ability to read scrolls when taking damage.


Message History

The orange demon stings you from afar. You block the orange demon's attack.
The orange demon hits you but does no damage.
You scratch the cacodemon but do no damage.
The cacodemon is almost dead.
You mangle the cacodemon!!
You kill the cacodemon!
You block the orange demon's attack. The orange demon barely misses you. x2
You claw the orange demon!
The orange demon is moderately wounded.
You eviscerate the orange demon!!!
You kill the orange demon!
You block the orange demon's attack. You block the orange demon's attack. x2
There is a stone staircase leading up, spattered with blood here.
You barely miss the orange demon. You mangle the orange demon!!
The orange demon is heavily wounded.
The orange demon closely misses you. You block the orange demon's attack.
You mangle the orange demon!!
The orange demon is almost dead.
You mangle the orange demon!!
You kill the orange demon!
No target in view!
No target in view!
No target in view!
You start resting.
Your attacks no longer feel as feeble.
You start resting.
A profane servitor comes into view. It is wielding a +3 whip.
You fly upwards.
There is a stone staircase leading down here.
Aiming: Dig
Press: ? - help, Shift-Dir - straight line A rock wall.
This square is shrouded in silence and is covered in magical glow.
The rock shatters into small pieces.
There is an open door here.
There is an open door here.
There is a staircase leading out of the dungeon here.
You have escaped!

#....########.########.....#
#...## ###.......### ##....#
#..## ##...........## ##...#
#..# ##....#####....## #...#
#..# #...#########...# #...#
#.####..##.......##..####..#
#.# #...#..##'##..#...###..##
#.# #..##.##...##.##........#
#.# #..##.##.@.##.##..###.#.##
#.# #..##.##...##.##..# #.#..#
##.# #...#..#####..#...# #.#..#
#..####..##.......##..####.##.#
#...# #...####.####...# #..##..
#...# ##....##'##....## #..###.
#...## ##...........## ##..# #.
#....## ###.......### ##...# #.
#.....#################....# #.


There were no monsters in sight!

Vanquished Creatures
  the Royal Jelly (Slime:5)
  4 orbs of fire
  4 dread liches
  3 ancient liches
  Mara (Depths:2)
  A royal mummy (Zig:10)
  Bai Suzhen (Elf:3)
  A shard shrike (Zot:5)
  8 Killer Klowns
  Xtahua (Crypt:1)
  A caustic shrike (Depths:2)
  2 pandemonium lords
  A Head Instructor (WizLab)
  Nikola (Spider:4)
  3 curse toes
  6 golden dragons
  the Enchantress (Depths:4)
  A profane servitor (D:4)
  A bone dragon (Crypt:3)
  A Brimstone Fiend (Zig:11)
  5 electric golems
  2 Ice Fiends
  15 tentacled monstrosities
  Mlioglotl (Spider:2)
  Jorgrun (D:12)
  2 shard shrike zombies (Crypt:3)
  The ghost of Datograv the Stickfighter, an adept NaAE of Ru (Crypt:2)
  26 Orb Guardians
  2 deep elf blademasters (Elf:3)
  2 deep elf master archers (Elf:3)
  4 titans
  7 liches
  7 quicksilver dragons
  20 acid blobs
  3 ancient champions
  An Executioner (Depths:4)
  13 death cobs
  Gastronok (D:9)
  Polyphemus (Shoals:2)
  Frances (Spider:2)
  4 sphinxes
  2 krakens
  Roxanne (Shoals:2)
  6 tengu reavers
  9 shadow dragons
  19 storm dragons
  A fenstrider witch (Zig:5)
  8 azure jellies
  Ilsuiw (Shoals:2)
  Kirke (D:14)
  7 draconian monks
  10 draconian knights
  11 rockslimes
  4 revenants
  A demonspawn warmonger (Zig:8)
  7 frost giants
  9 emperor scorpions
  4 draconian scorchers
  An orc warlord (Vaults:4)
  5 cacodemons
  12 ghost moths
  5 deep elf elementalists
  Aizul (Shoals:3)
  An iron dragon (Depths:1)
  8 fire giants
  5 deep elf sorcerers
  11 vault wardens
  2 balrugs
  7 draconian stormcallers
  17 ironbound preservers
  6 draconian shifters
  A curse skull (Crypt:2)
  3 demonspawn blood saints
  3 spriggan defenders (Depths:4)
  4 draconian annihilators
  5 ghouls
  2 demonspawn corrupters (Zig:11)
  29 very ugly things
  10 quicksilver oozes
  3 reapers
  7 war gargoyles
  7 broodmothers
  7 green draconians
  11 stone giants
  11 yellow draconians
  8 ironbound thunderhulks
  6 deep elf demonologists
  A minotaur (Depths:4)
  6 vampire knights
  14 dire elephants
  3 entropy weavers
  Azrael (D:14)
  5 white draconians
  7 black draconians
  A demonspawn black sun (Zig:11)
  7 red draconians
  6 spark wasps
  6 deep elf annihilators
  17 purple draconians
  An eleionoma (Zig:5)
  A wendigo (Zig:11)
  3 lorocyprocas
  7 deep elf death magi
  15 ettins
  3 green deaths
  4 crystal guardians
  4 eidola
  A blizzard demon (Zig:11)
  3 mummy priests (Zig:10)
  6 deep elf high priests
  A merfolk javelineer (Shoals:3)
  2 jiangshi (Crypt:1)
  A quicksilver dragon zombie (Crypt:2)
  12 merfolk impalers
  8 fire dragons
  6 great orbs of eyes
  3 peacekeepers
  A quicksilver dragon skeleton (Crypt:2)
  21 yaktaur captains
  A spriggan zombie (Crypt:3)
  A fenstrider witch zombie (Crypt:3)
  2 rakshasas (Depths:1)
  8 vault guards
  A hell beast (Zig:8)
  Fannar (Lair:1)
  7 boulder beetles
  2 alligator snapping turtles
  9 ice dragons
  3 radroaches
  4 spriggan air magi
  7 ironbound frosthearts
  3 jorogumos
  9 hydras
  An anaconda (Vaults:4)
  5 catoblepae
  13 centaur warriors
  A caustic shrike simulacrum (IceCv)
  4 merfolk aquamancers
  2 ogre magi
  3 satyrs
  3 death knights
  13 dancing weapons
  4 merfolk avatars
  9 two-headed ogres
  An alligator (Shoals:2)
  4 deep troll shamans
  5 death yaks
  A thrashing horror (Zig:2)
  An orc high priest (Orc:2)
  3 deep troll earth magi
  9 tengu warriors
  7 vampire magi
  Nergalle (D:11)
  The ghost of Zgarb the Markstengu, a journeyman TeHu of Hepliaklqana (Lair:1)
  5 spriggan berserkers
  7 sun demons
  3 spectral storm dragons (Crypt:1)
  13 hell knights
  A sun moth (Zig:9)
  17 skeletal warriors
  9 deep elf knights
  Amaemon (D:11)
  7 iron trolls
  2 sixfirhies
  A shadow wraith (Crypt:2)
  2 fire crabs
  5 pharaoh ants
  3 salamander mystics (WizLab)
  An anaconda zombie (Crypt:3)
  A glowing orange brain (Depths:4)
  A bog body (Crypt:2)
  A swamp dragon (shapeshifter) (Vaults:5)
  2 goliath frogs (Vaults:5)
  43 deep trolls
  5 sea snakes
  6 steelbarb worms
  5 flayed ghosts
  A spatial maelstrom (Zig:6)
  13 deep elf archers
  9 orb spiders
  6 lindwurms
  A swamp dragon (Zig:5)
  13 phantasmal warriors
  A bunyip skeleton (Crypt:3)
  An obsidian statue (Zig:8)
  11 wizards
  Pikel (D:7)
  A sphinx zombie (Depths:2)
  4 orange crystal statues
  17 ironbound convokers
  An iron dragon zombie (Depths:2)
  A wolf spider zombie (D:13)
  16 necromancers
  29 harpies
  23 deep elf pyromancers
  16 deep elf zephyrmancers
  17 wolf spiders
  4 orc knights
  5 mana vipers
  2 spectral fire dragons (Crypt:1)
  38 ugly things
  2 shining eyes
  21 manticores
  A goliath frog skeleton (Crypt:2)
  7 orc sorcerers
  A frost giant zombie (Depths:2)
  12 fauns
  2 shadow dragon skeletons
  A tengu skeleton (Zig:10)
  7 cyclopes
  12 centaur zombies (D:13)
  3 human skeletons (Vaults:3)
  A worldbinder (Zig:6)
  35 moths of wrath
  10 merfolk sirens
  A rust devil (Depths:2)
  A frost giant skeleton (Crypt:2)
  A dire elephant zombie (Crypt:3)
  A fire giant skeleton (Zig:10)
  15 elephants
  A naga zombie (Crypt:3)
  Joseph (Lair:1)
  4 black mambas
  5 smoke demons
  23 vault sentinels
  7 orange demons
  2 ice statues
  2 eyes of devastation
  3 water nymphs
  15 cane toads
  A gargoyle (D:12)
  An orb spider zombie (Crypt:1)
  11 torpor snails
  A naga skeleton (Crypt:3)
  A hellion (Zig:8)
  A rime drake (Lair:5)
  6 demonic crawlers
  4 efreet
  3 kobold demonologists
  An unseen horror (shapeshifter) (Elf:2)
  A tormentor (D:8)
  A centaur skeleton (Crypt:3)
  7 komodo dragons
  3 tengu conjurers
  11 freezing wraiths
  4 unseen horrors
  48 yaktaurs
  A golden dragon simulacrum (IceCv)
  3 anaconda simulacra (IceCv)
  A hellwing (Depths:2)
  An ice devil (Zig:11)
  A sea snake skeleton (Crypt:1)
  6 trolls
  2 wind drakes (Shoals:4)
  An ancient zyme (Zig:6)
  A queen bee (shapeshifter) (Lair:6)
  8 meliai
  4 guardian mummies (Zig:10)
  2 queen bees
  31 tarantellas
  10 hornets
  33 merfolk
  5 polar bears
  3 tyrant leeches
  A shadow dragon simulacrum (Zig:10)
  A blink frog (shapeshifter) (D:11)
  A tarantella (shapeshifter) (D:14)
  A hydra skeleton (Crypt:3)
  11 dream sheep
  A culicivora zombie (Crypt:1)
  A tarantella zombie (Crypt:1)
  A fire dragon zombie (Crypt:3)
  91 slime creatures
  A snapping turtle (shapeshifter) (Depths:2)
  4 large abominations
  54 flying skulls
  A human simulacrum (Vaults:1)
  20 jumping spiders
  A meliai zombie (D:13)
  10 snapping turtles
  A centaur simulacrum (D:14)
  A shapeshifter (Depths:4)
  A black mamba zombie (Crypt:3)
  5 wraiths
  A dire elephant simulacrum (IceCv)
  10 water elementals
  5 air elementals
  19 humans (D:14)
  A shadow (D:11)
  20 culicivoras
  15 spriggans
  9 fire bats
  74 yaks
  3 wyverns
  5 ynoxinuls
  A hog (shapeshifter) (D:13)
  4 hogs (D:14)
  8 steam dragons
  5 fire elementals
  A spriggan skeleton (Depths:2)
  Eustachio (D:5)
  8 basilisks
  2 chaos spawn
  7 golden eyes
  42 redbacks
  13 vampire mosquitoes
  2 ushabtiu (Zig:10)
  2 harpy simulacra (IceCv)
  A naga (Lair:6)
  3 wargs
  6 hell hounds
  3 swamp worms (Lair:6)
  A hydra simulacrum (IceCv)
  6 water moccasins
  A swamp drake (D:9)
  7 black bears
  3 ettin simulacra (IceCv)
  2 ice beasts
  A sky beast (D:6)
  3 alligator simulacra (IceCv)
  11 ogres
  28 orc warriors
  23 wolves
  A dream sheep zombie (Crypt:2)
  3 boggarts
  4 centaurs
  2 phantoms (D:6)
  A lemure (D:7)
  9 kobold brigands
  2 gnoll sergeants
  10 bullfrogs
  9 scorpions
  4 necrophages
  A yaktaur skeleton (Crypt:1)
  12 earth elementals
  3 wights (D:9)
  22 killer bees
  4 howler monkeys
  A lindwurm simulacrum (IceCv)
  A troll zombie (Crypt:1)
  3 electric eels (Lair:1)
  A crimson imp (D:9)
  3 jellies
  Crazy Yiuf (D:2)
  5 hounds
  34 orc priests
  An iron imp (D:9)
  Ijyb (D:3)
  Jessica (D:3)
  2 iguanas
  2 hell rats (Lair:4)
  52 orc wizards
  An ogre skeleton (Crypt:1)
  7 mummies (Zig:10)
  8 adders
  3 gnolls (D:10)
  18 river rats
  3 shadow imps
  2 white imps
  3 ufetubi
  An adder zombie (Crypt:2)
  3 worms
  2 dart slugs
  111 orcs
  9 endoplasms
  3 giant cockroaches
  10 goblins
  13 hobgoblins
  2 quokkas
  5 ball pythons
  5 bats
  6 frilled lizards
  45 kobolds
  31 rats
  A rat skeleton (Crypt:2)
  A lurking horror (D:4)
  4 tentacles (Shoals:4)
2631 creatures vanquished.

Vanquished Creatures (collateral kills)
  A dread lich (Zot:1)
  Mennas (Vaults:5)
  Frederick (Depths:3)
  A golden dragon (Zot:1)
  A Hell Sentinel (Zig:11)
  An Orb Guardian (Zot:5)
  A quicksilver dragon (Zot:4)
  A walking frostbound tome (Depths:3)
  An acid blob (Slime:2)
  A shadow dragon (Zot:1)
  A tengu reaver (Vaults:5)
  3 rockslimes (Slime:5)
  An azure jelly (Slime:5)
  A fire giant (Depths:3)
  A frost giant (Depths:1)
  A nargun (Zig:1)
  An emperor scorpion (Spider:3)
  A balrug (Zig:11)
  2 vault wardens
  A quicksilver ooze (Lair:5)
  An ironbound preserver (Vaults:2)
  3 ironbound thunderhulks
  A spriggan defender (Depths:2)
  A war gargoyle (Crypt:3)
  A broodmother (Depths:4)
  A very ugly thing (Vaults:4)
  2 stone giants
  A deep elf annihilator (Elf:3)
  A dire elephant (Vaults:4)
  3 spark wasps
  A crystal guardian (Crypt:3)
  A fire dragon (Depths:2)
  4 ettins
  A boulder beetle (Vaults:2)
  A vault guard (Vaults:4)
  A hydra (Spider:4)
  A rakshasa (Depths:2)
  A spriggan air mage (Depths:3)
  An ironbound frostheart (Vaults:3)
  A centaur warrior (D:14)
  A dancing weapon (Crypt:3)
  A large abomination (Zot:5)
  A spriggan berserker (Depths:3)
  A hell knight (Crypt:3)
  A skeletal warrior (Crypt:3)
  3 deep trolls
  A pharaoh ant (Zig:9)
  A flayed ghost (Depths:3)
  2 orb spiders (Zig:9)
  A phantasmal warrior (Crypt:1)
  A wizard (WizLab)
  A wolf spider (Spider:3)
  5 ugly things
  6 slime creatures
  2 spectral ice dragons (Crypt:1)
  A vault sentinel (Vaults:4)
  2 torpor snails (Zig:9)
  2 yaktaurs (Vaults:1)
  2 demonic crawlers (Zig:9)
  2 culicivoras (Zig:9)
  A jumping spider (Zig:9)
  2 redbacks
  Edmund (D:5)
  An orc warrior (D:9)
  A phantom (D:4)
  A scorpion (D:5)
  An orc priest (D:8)
  Terence (D:3)
  An orc wizard (Orc:2)
  2 orcs
  A giant cockroach (D:5)
  A rat (D:5)
102 creatures vanquished.

Vanquished Creatures (others)
  A pandemonium lord (Zig:7)
  An Executioner (Zot:5)
  A fenstrider witch (shapeshifter) (Zig:7)
  A fire giant (shapeshifter) (Zig:7)
  A very ugly thing (Zig:7)
  2 spark wasps (Depths:3)
  A hydra (Vaults:5)
  2 hell hogs (Zot:5)
  A soul eater (Zot:5)
  A fire crab (shapeshifter) (Zig:7)
  2 deep elf knights (Elf:2)
  An orb spider (Spider:4)
  An ironbound convoker (Vaults:4)
  A cyclops (shapeshifter) (Zig:7)
  A hellwing (Zot:5)
  A chaos spawn (Zig:7)
  An acid dragon (D:11)
  A jelly (shapeshifter) (Vaults:5)
  An orc wizard (D:5)
  A shadow imp (D:9)
  3 orcs
  15 ball lightnings
  35 fungi
  30 plants
  11 tentacles
117 creatures vanquished.

Grand Total: 2850 creatures vanquished

Notes
Turn   | Place    | Note
-------+----------+-------------------------------------------
     0 | D:1      | Inarius the Demonspawn Fighter began the quest for the Orb.
     0 | D:1      | Reached XP level 1. HP: 18/18 MP: 1/1
    70 | D:1      | Found a faded altar of an unknown god.
   156 | D:1      | Gained mutation: You have sharp fingernails. [demonic
                  | ancestry]
   156 | D:1      | Reached XP level 2. HP: 24/24 MP: 2/2
   880 | D:2      | Reached skill level 1 in Unarmed Combat
   880 | D:2      | Gained mutation: You are partially covered in razor-sharp
                  | scales. (AC +1, Slay +1) [demonic ancestry]
   880 | D:2      | Reached XP level 3. HP: 15/29 MP: 3/3
  1038 | D:2      | Found a shimmering altar of Xom.
  1705 | D:2      | Found a runed translucent door.
  1706 | D:2      | Noticed Crazy Yiuf
  1912 | D:3      | Gained mutation: A weak demonic guardian rushes to your
                  | aid. [demonic ancestry]
  1912 | D:3      | Reached XP level 4. HP: 29/35 MP: 4/4
  2371 | D:3      | Noticed Terence
  2383 | D:3      | Killed Terence
  2384 | D:3      | Reached skill level 1 in Invocations
  2384 | D:3      | Gained mutation: You have very sharp fingernails. [demonic
                  | ancestry]
  2384 | D:3      | Reached XP level 5. HP: 6/41 MP: 5/5
  3177 | D:3      | Noticed Ijyb
  3194 | D:3      | Killed Ijyb
  3537 | D:3      | Noticed Jessica
  3545 | D:3      | Killed Jessica
  3817 | D:4      | Found a one-way gate to the infinite horrors of the Abyss.
  3820 | D:4      | Found a corrupted altar of Lugonu.
  4043 | D:4      | Noticed an ogre
  4055 | D:4      | Killed an ogre
  4056 | D:4      | Gained mutation: You are mostly covered in razor-sharp
                  | scales. (AC +2, Slay +2) [demonic ancestry]
  4056 | D:4      | Reached XP level 6. HP: 47/47 MP: 7/7
  4103 | D:4      | Found a blossoming altar of Fedhas.
  4188 | D:4      | Noticed an air elemental
  4193 | D:4      | Found a stormy altar of Qazlal.
  4195 | D:4      | Noticed a fire elemental
  4196 | D:4      | Noticed a water elemental
  4338 | D:4      | Identified the +7 scale mail of Cheibriados's Envy {Regen+
                  | Dex+3}
  4713 | D:4      | Found a hazy altar of Hepliaklqana.
  4822 | D:5      | Entered Level 5 of the Dungeon
  4836 | D:5      | Noticed Edmund
  4848 | D:5      | Killed Edmund
  4854 | D:5      | Gained mutation: You are partially covered in sharp spines.
                  | [demonic ancestry]
  4854 | D:5      | Reached XP level 7. HP: 21/52 MP: 7/9
  4920 | D:5      | Reached skill level 5 in Unarmed Combat
  4921 | D:5      | Found a glowing drain.
  4937 | Sewer    | Entered a sewer
  5492 | D:5      | Gained mutation: You are completely covered in razor-sharp
                  | scales. (AC +3, Slay +3) [demonic ancestry]
  5492 | D:5      | Reached XP level 8. HP: 58/58 MP: 11/11
  5559 | D:5      | Found a staircase to the Ecumenical Temple.
  5566 | Temple   | Entered the Ecumenical Temple
  5641 | Temple   | Became a worshipper of Nemelex Xobeh the Trickster
  5654 | D:5      | Noticed Eustachio
  5666 | D:5      | Killed Eustachio
  5694 | D:5      | Reached skill level 1 in Evocations
  5853 | D:5      | Found a hide-covered altar of Uskayaw.
  5946 | D:5      | Identified the +9 trident of Elatwaotuq {drain, rN++
                  | Stlth+}
  6272 | D:6      | Reached XP level 9. HP: 65/65 MP: 12/12
  6389 | D:6      | You fall into a shaft and drop 3 floors!
  6401 | D:9      | Reached skill level 5 in Armour
  6409 | D:9      | Found Riclihig's Antique Weapon Emporium.
  6462 | D:9      | Found a staircase to the Orcish Mines.
  6485 | D:8      | Reached * piety under Nemelex Xobeh
  6526 | D:8      | Found Lorehun's Antique Weapon Emporium.
  6530 | D:8      | Noticed a two-headed ogre
  6552 | D:8      | Killed a two-headed ogre
  6553 | D:8      | Reached skill level 5 in Fighting
  6617 | D:8      | Noticed a komodo dragon
  6622 | D:8      | Killed a komodo dragon
  6691 | D:8      | Gained mutation: You have claws for hands. [demonic
                  | ancestry]
  6691 | D:8      | Reached XP level 10. HP: 67/74 MP: 13/13
  6778 | D:8      | Found a staircase to the Lair.
  6849 | D:8      | Found a large runed translucent door.
  6854 | D:8      | Found a large runed translucent door.
  7022 | D:2      | Killed Crazy Yiuf
  7145 | D:6      | Found a burning altar of Makhleb.
  7242 | D:6      | Received a gift from Nemelex Xobeh
  7361 | D:6      | Found a basalt altar of Yredelemnul.
  7368 | D:6      | Noticed a profane servitor
  7402 | D:6      | Noticed an angel
  7731 | D:7      | Reached skill level 10 in Unarmed Combat
  7950 | D:7      | Noticed Pikel
  7960 | D:7      | Killed Pikel
  8375 | D:8      | Noticed Psyche
  8376 | D:8      | Noticed Psyche
  8376 | D:8      | Psyche changed into Psyche the warg
  8378 | D:8      | Killed Psyche the warg
  8534 | D:8      | Found a shadowy altar of Dithmenos.
  8544 | D:8      | Found a shimmering altar of Xom.
  8640 | D:8      | Reached skill level 5 in Evocations
  8691 | D:9      | Reached ** piety under Nemelex Xobeh
  8771 | D:9      | Reached skill level 5 in Shields
  8849 | D:9      | Noticed Gastronok
  8856 | D:9      | Killed Gastronok
  8857 | D:9      | Reached XP level 11. HP: 76/83 MP: 14/14
  8975 | D:9      | Noticed a deep elf pyromancer
  8979 | D:9      | Killed a deep elf pyromancer
  9029 | D:9      | Noticed a deep elf pyromancer
  9034 | D:9      | Killed a deep elf pyromancer
  9588 | D:9      | Upgraded the game from 0.29-a0-266-gf56f883ddd to
                  | 0.29-a0-270-g1586fc07ea
  9600 | D:10     | Entered Level 10 of the Dungeon
  9624 | D:9      | Noticed a two-headed ogre
  9633 | D:9      | Killed a two-headed ogre
  9634 | D:9      | Reached skill level 5 in Invocations
  9657 | D:10     | Noticed a two-headed ogre
  9797 | D:10     | Killed a two-headed ogre
  9857 | D:10     | Noticed a boulder beetle
 10020 | D:10     | Found an ancient bone altar of Kikubaaqudgha.
 10424 | D:10     | Found the +4 robe of Folly {Brilliance Will-∞ Int+8}
 10488 | D:10     | Found a snail-covered altar of Cheibriados.
 10650 | D:11     | Reached *** piety under Nemelex Xobeh
 10697 | D:11     | Noticed a two-headed ogre
 10714 | D:11     | Killed a two-headed ogre
 10839 | D:11     | Received a gift from Nemelex Xobeh
 10895 | D:11     | Noticed Maurice
 10931 | D:11     | Reached XP level 12. HP: 92/92 MP: 16/16
 10964 | D:11     | Noticed Maurice
 10971 | D:11     | Killed Maurice the fire bat
 10986 | D:11     | Identified the +2 helmet of Xocytac {Str+3 Int+2}
 11035 | D:11     | Identified the +7 arbalest of Hatedweq {venom, rN+ Will+
                  | Dex-5}
 11133 | D:11     | Noticed Amaemon
 11142 | D:11     | Killed Amaemon
 11365 | D:11     | Noticed a six-headed hydra
 11574 | D:11     | Noticed a seven-headed hydra
 11579 | D:11     | Killed a seven-headed hydra
 11670 | D:11     | Killed an eight-headed hydra
 11790 | D:12     | Noticed Nergalle
 11800 | D:11     | Killed Nergalle
 11853 | D:12     | Noticed Jorgrun
 11997 | D:9      | Killed a boulder beetle
 12080 | Lair:1   | Entered Level 1 of the Lair of Beasts
 12293 | Lair:1   | Noticed Joseph
 12303 | Lair:1   | Killed Joseph
 12348 | Lair:1   | Noticed Sonja
 12351 | Lair:1   | Noticed Sonja
 12351 | Lair:1   | Sonja changed into Sonja the black mamba
 12356 | Lair:1   | Killed Sonja the black mamba
 12383 | Lair:1   | Found a runed translucent door.
 12388 | Lair:1   | Noticed Zgarb's ghost (journeyman TeHu)
 12388 | Lair:1   | Noticed Fannar
 12399 | Lair:1   | Killed Fannar
 12988 | Lair:1   | Reached **** piety under Nemelex Xobeh
 13327 | Lair:1   | Killed Zgarb's ghost
 13328 | Lair:1   | Gained mutation: You are mostly covered in sharp spines.
                  | [demonic ancestry]
 13328 | Lair:1   | Reached XP level 13. HP: 100/101 MP: 19/19
 13475 | Lair:2   | Received a gift from Nemelex Xobeh
 13878 | Lair:2   | Found a hole to the Spider Nest.
 14192 | Lair:2   | Received a gift from Nemelex Xobeh
 14974 | Lair:3   | Reached ***** piety under Nemelex Xobeh
 14974 | Lair:3   | Received a gift from Nemelex Xobeh
 15302 | Lair:3   | Found a staircase to the Shoals.
 15679 | Lair:4   | Received a gift from Nemelex Xobeh
 15748 | Lair:4   | Found a dark tunnel.
 15767 | Volcano  | Entered a volcano
 15872 | Volcano  | Reached skill level 15 in Unarmed Combat
 15939 | Volcano  | Noticed a fire dragon
 16002 | Volcano  | Killed a fire dragon
 16003 | Volcano  | Reached skill level 10 in Invocations
 16044 | Volcano  | Identified the +1 fire dragon scales of the Guardian {rF++
                  | rC- rN+ Str+2}
 16354 | Lair:4   | Received a gift from Nemelex Xobeh
 16878 | Lair:5   | Received a gift from Nemelex Xobeh
 17157 | Lair:5   | Received a gift from Nemelex Xobeh
 17157 | Lair:5   | Found a staircase to the Slime Pits.
 17210 | Lair:5   | Reached XP level 14. HP: 104/108 MP: 22/22
 17602 | Lair:6   | Entered Level 6 of the Lair of Beasts
 17602 | Lair:6   | Reached ****** piety under Nemelex Xobeh
 17645 | Lair:6   | Received a gift from Nemelex Xobeh
 18504 | Lair:6   | Received a gift from Nemelex Xobeh
 20150 | Orc:1    | Entered Level 1 of the Orcish Mines
 20411 | Orc:2    | Entered Level 2 of the Orcish Mines
 20411 | Orc:2    | Received a gift from Nemelex Xobeh
 20911 | Orc:2    | Received a gift from Nemelex Xobeh
 21536 | Orc:2    | Paralysed by an orc sorcerer for 3 turns
 21634 | Orc:2    | Found Nuniwux's Antique Weapon Boutique.
 21634 | Orc:2    | Found Vaotias's Weapon Shop.
 21642 | Orc:2    | Found Lafah's Antique Armour Boutique.
 21642 | Orc:2    | Found Ecigoof's Armour Shop.
 21989 | Orc:2    | Found Useunn Diyfu's Antique Armour Shop.
 22010 | Orc:2    | Bought an embroidered cloak for 195 gold pieces
 22010 | Orc:2    | Bought a masterwork buckler for 247 gold pieces
 22010 | Orc:2    | Identified the +3 buckler of the Stallion {Stlth+} (You
                  | bought it in a shop on level 2 of the Orcish Mines)
 22010 | Orc:2    | Bought a crude scale mail for 234 gold pieces
 22010 | Orc:2    | Identified the +1 scale mail of Amorality {Rampage rPois
                  | rF++ Int-4} (You bought it in a shop on level 2 of the
                  | Orcish Mines)
 22419 | Orc:2    | Found a staircase to the Elven Halls.
 22614 | Orc:2    | Received a gift from Nemelex Xobeh
 22712 | Orc:2    | Upgraded the game from 0.29-a0-270-g1586fc07ea to
                  | 0.29-a0-271-gd4eb659eea
 22810 | D:12     | Killed Jorgrun
 22811 | D:12     | Reached XP level 15. HP: 43/114 MP: 24/24
 23203 | D:12     | Received a gift from Nemelex Xobeh
 23205 | D:12     | Identified a scroll of acquirement
 23206 | D:12     | Acquired 833 gold pieces
 23441 | D:12     | Received a gift from Nemelex Xobeh
 23443 | D:12     | Reached skill level 10 in Armour
 23443 | D:12     | Reached XP level 16. HP: 122/122 MP: 25/25
 23485 | D:12     | Found a portal to a secret trove of treasure.
 23510 | D:12     | You paid a toll of a +4 demon whip to enter a treasure
                  | trove
 23511 | Trove    | Entered a treasure trove
 23591 | Trove    | Identified the +2 robe of Supple Strength {Str+2}
 23653 | Trove    | Identified the -4 hat "Pyn Zoum" {*Corrode Str+6}
 24409 | D:13     | Received a gift from Nemelex Xobeh
 24714 | D:13     | Found a basalt altar of Yredelemnul.
 25109 | D:13     | Reached skill level 10 in Fighting
 25679 | D:14     | Identified the +8 whip of Rehycs {venom, Str+4}
 25696 | D:14     | HP: 4/122 [centaur warrior/arrow (18)]
 25706 | D:14     | HP: 3/122 [centaur warrior/arrow (23)]
 26306 | D:14     | Got the Reference Book on Cold and Enchantment
 26397 | D:14     | Received a gift from Nemelex Xobeh
 26401 | D:14     | Identified the ring of Ruicaluf {rElec rF+ rCorr MP+9
                  | Dex-4}
 26460 | D:14     | Noticed Rupert
 26463 | D:14     | Noticed Rupert
 26463 | D:14     | Rupert changed into Rupert the alligator snapping turtle
 26473 | D:14     | Killed Rupert the alligator snapping turtle
 26598 | D:14     | Noticed Azrael
 26612 | D:14     | Killed Azrael
 26797 | D:14     | Noticed Kirke
 26816 | D:14     | Killed Kirke
 27078 | D:14     | Found a gate to the Vaults.
 27429 | D:14     | Received a gift from Nemelex Xobeh
 27485 | D:15     | Entered Level 15 of the Dungeon
 27574 | D:15     | Acquired a manual of Invocations
 27759 | D:15     | Reached XP level 17. HP: 89/129 MP: 28/28
 27949 | D:15     | Reached skill level 15 in Invocations
 28033 | D:15     | Found a staircase to the Depths.
 28627 | D:15     | Received a gift from Nemelex Xobeh
 28935 | Spider:1 | Entered Level 1 of the Spider Nest
 29027 | Spider:1 | Identified the -2 cloak "Toryh" {Regen+}
 29042 | Spider:1 | Found a frozen archway.
 29060 | IceCv    | Entered an ice cave
 29528 | Spider:1 | Received a gift from Nemelex Xobeh
 30007 | Spider:1 | Reached skill level 10 in Shields
 30675 | Spider:2 | Noticed Mlioglotl
 30696 | Spider:2 | Killed Mlioglotl
 30821 | Spider:2 | Received a gift from Nemelex Xobeh
 30883 | Spider:2 | Noticed Frances
 30895 | Spider:2 | Killed Frances
 30945 | Spider:2 | Acquired a manual of Fighting
 31827 | Spider:3 | Received a gift from Nemelex Xobeh
 32796 | Elf:1    | Entered Level 1 of the Elven Halls
 32801 | Elf:1    | Paralysed by an air elemental for 1 turns
 32803 | Orc:2    | Paralysed by an air elemental for 1 turns
 33100 | Elf:1    | Identified the +3 chain mail of Nodas {Will++ Str-4}
 33104 | Elf:1    | Paralysed by an air elemental for 1 turns
 33240 | Elf:1    | Identified the +0 quarterstaff of the Spider {pain, Str+4}
 33413 | Elf:1    | Received a gift from Nemelex Xobeh
 33590 | Elf:1    | Got the Compendium of Calling
 33702 | Elf:1    | Reached XP level 18. HP: 92/138 MP: 30/30
 34015 | Elf:1    | Received a gift from Nemelex Xobeh
 35327 | Elf:2    | Paralysed by an air elemental for 1 turns
 35638 | Elf:2    | Paralysed by an air elemental for 1 turns
 36176 | Elf:2    | Found Zistreolu's General Store.
 36191 | Elf:2    | Bought a scroll of teleportation for 45 gold pieces
 36191 | Elf:2    | Bought a wand of iceblast (5) for 135 gold pieces
 36239 | Elf:2    | Received a gift from Nemelex Xobeh
 36661 | Elf:2    | Found a runed translucent gate.
 36662 | Elf:2    | Found a runed translucent gate.
 36662 | Elf:2    | Found a runed translucent gate.
 36853 | Elf:3    | Entered Level 3 of the Elven Halls
 37126 | Spider:4 | Entered Level 4 of the Spider Nest
 37690 | Spider:3 | Reached skill level 1 in Dodging
 37775 | Spider:4 | Noticed Nikola
 37878 | Spider:4 | Killed Nikola
 39321 | Spider:4 | Got a gossamer rune of Zot
 39714 | Vaults:1 | Entered Level 1 of the Vaults
 39776 | Vaults:1 | Noticed a lich
 39788 | D:14     | Killed a lich
 40687 | Vaults:1 | Gained mutation: Your hexes are more powerful. [demonic
                  | ancestry]
 40687 | Vaults:1 | Reached XP level 19. HP: 121/150 MP: 32/32
 40727 | Vaults:1 | Identified the +2 ring mail "Barryg" {rC+}
 40767 | Vaults:1 | Received a gift from Nemelex Xobeh
 41060 | Vaults:1 | Received a gift from Nemelex Xobeh
 41671 | Vaults:1 | Received a gift from Nemelex Xobeh
 42217 | Vaults:1 | Found Qaaqoawk's Armour Shop.
 42221 | Vaults:1 | Bought a +2 pair of boots of flying for 279 gold pieces
 43092 | Vaults:2 | Received a gift from Nemelex Xobeh
 43337 | Vaults:2 | Identified the +8 whip "Qanet" {speed, Str+4 Int+4}
 43705 | Vaults:2 | Reached skill level 15 in Fighting
 43729 | Vaults:2 | Gained mutation: A demonic guardian rushes to your aid.
                  | [demonic ancestry]
 43729 | Vaults:2 | Reached XP level 20. HP: 112/162 MP: 34/34
 43850 | Vaults:2 | Found Koefaimn's Antique Weapon Emporium.
 44061 | Vaults:2 | Received a gift from Nemelex Xobeh
 45054 | Vaults:3 | Found a staircase to the Crypt.
 45338 | Vaults:3 | Received a gift from Nemelex Xobeh
 45449 | Vaults:3 | Got Roxanne's Guide on Stones
 45568 | Vaults:3 | Found Jebaur's Book Boutique.
 45640 | Vaults:3 | You are sucked into a shaft and drop 1 floor!
 45854 | Vaults:4 | Received a gift from Nemelex Xobeh
 46257 | Vaults:3 | Received a gift from Nemelex Xobeh
 47267 | Vaults:4 | Gained mutation: You are completely covered in sharp
                  | spines. [demonic ancestry]
 47267 | Vaults:4 | Reached XP level 21. HP: 82/172 MP: 36/36
 47361 | Vaults:4 | Received a gift from Nemelex Xobeh
 47740 | Shoals:1 | Entered Level 1 of the Shoals
 48271 | Shoals:1 | Received a gift from Nemelex Xobeh
 48524 | Shoals:1 | Received a gift from Nemelex Xobeh
 48719 | Shoals:2 | Identified Roxanne's Papyrus of Transformation
 48719 | Shoals:2 | Noticed Roxanne
 48790 | Shoals:2 | Noticed Polyphemus
 48800 | Shoals:2 | Killed Polyphemus
 48857 | Shoals:2 | Reached skill level 5 in Dodging
 48909 | Shoals:2 | Killed Roxanne
 49208 | Shoals:2 | Received a gift from Nemelex Xobeh
 49638 | Shoals:3 | Noticed Ilsuiw
 49725 | Shoals:2 | Killed Ilsuiw
 50021 | Shoals:3 | Received a gift from Nemelex Xobeh
 50145 | Shoals:3 | Noticed Aizul
 50163 | Shoals:3 | Killed Aizul
 50607 | Shoals:4 | Entered Level 4 of the Shoals
 50708 | Shoals:4 | Received a gift from Nemelex Xobeh
 50804 | Shoals:4 | Got a barnacled rune of Zot
 51119 | Shoals:4 | Received a gift from Nemelex Xobeh
 51215 | Shoals:4 | Identified the ring "Zefe" {rPois rN+ MP+9 Str-4}
 52075 | Elf:3    | Paralysed by an air elemental for 1 turns
 52121 | Elf:3    | Received a gift from Nemelex Xobeh
 52466 | Elf:3    | Noticed Bai Suzhen
 52477 | Elf:3    | Killed Bai Suzhen
 53580 | Elf:3    | Identified the +7 falchion "Xojeypod" {flame, +Blink}
 53652 | Elf:3    | Identified the +6 mace of the Fulmar {spect, MP+9 Str-4
                  | Dex+3}
 53652 | Elf:3    | Identified the ring of Roothry {rF+ MP+9 SInv}
 54398 | Elf:3    | Identified the +1 scale mail of Scuffed Brilliance {rC-
                  | Will+ Str+7}
 54409 | Elf:3    | Gained mutation: A powerful demonic guardian rushes to your
                  | aid. [demonic ancestry]
 54409 | Elf:3    | Reached XP level 22. HP: 182/182 MP: 37/37
 54498 | Elf:3    | Received a gift from Nemelex Xobeh
 54511 | Elf:3    | Got the Handbook of the Frostbite and Curses
 54514 | Elf:3    | Got the Disquisition on the Birds and Contamination
 54517 | Elf:3    | Found the +8 storm bow {elec, penet}
 54800 | Elf:3    | Upgraded the game from 0.29-a0-271-gd4eb659eea to
                  | 0.29-a0-275-g389c0b56f3
 55038 | Depths:1 | Entered Level 1 of the Depths
 55068 | Depths:1 | Found a runed translucent door.
 55077 | Depths:1 | Noticed Xockerhu's ghost (adept MiMo)
 56000 | Depths:1 | Received a gift from Nemelex Xobeh
 56456 | Depths:1 | Found a gateway to Hell.
 57099 | Depths:2 | Found a one-way gateway to a ziggurat.
 57106 | Depths:2 | Noticed Mara
 57130 | Depths:2 | Killed Mara
 57219 | Depths:2 | Noticed a caustic shrike
 57237 | Depths:2 | Killed a caustic shrike
 57440 | Depths:2 | Received a gift from Nemelex Xobeh
 57533 | Depths:2 | Identified the +2 long sword "Nebaps" {speed, rF+ rC+
                  | Str+4}
 58988 | Depths:2 | Received a gift from Nemelex Xobeh
 59207 | Depths:2 | Found a one-way gate leading to the halls of Pandemonium.
 59567 | Depths:2 | Found a corrupted altar of Lugonu.
 60144 | Depths:3 | Noticed Frederick
 60349 | Depths:3 | Killed Frederick
 60788 | Depths:3 | Reached skill level 15 in Shields
 61112 | Depths:3 | Received a gift from Nemelex Xobeh
 61876 | Depths:4 | Entered Level 4 of the Depths
 62816 | Depths:4 | Received a gift from Nemelex Xobeh
 62951 | Depths:3 | Gained mutation: Your melee attacks may debilitate your
                  | foes. [demonic ancestry]
 62951 | Depths:3 | Reached XP level 23. HP: 128/190 MP: 39/39
 63522 | Depths:4 | Noticed the Enchantress
 63529 | Depths:4 | Killed the Enchantress
 65114 | Depths:4 | Found a gate to the Realm of Zot.
 65536 | Vaults:5 | Entered Level 5 of the Vaults
 66150 | Vaults:5 | Noticed an ancient lich
 66390 | Vaults:5 | Noticed Mennas
 66671 | Vaults:5 | Identified the +2 leather armour of Midsummer {Dex+3}
 66672 | Vaults:5 | Found the +11 plutonium sword {Contam Stlth-}
 66922 | Vaults:5 | Killed an ancient lich
 67005 | Vaults:4 | HP: 4/189 [dire elephant (14)]
 68678 | Vaults:5 | Identified the +10 dagger of Amorality {freeze, rElec rF+
                  | SInv}
 70040 | Vaults:5 | Identified the +8 hand crossbow "Xenwu" {vorpal, rN+ Will+
                  | Str+2}
 70959 | Vaults:5 | Received a gift from Nemelex Xobeh
 71395 | Vaults:5 | Killed Mennas
 71396 | Vaults:5 | Reached skill level 10 in Evocations
 71396 | Vaults:5 | Reached XP level 24. HP: 181/197 MP: 39/39
 71450 | Vaults:5 | Got a silver rune of Zot
 71491 | Vaults:5 | Found the +7 Singing Sword {vorpal, sonic wave}
 71578 | Vaults:5 | Noticed a dread lich
 71592 | Vaults:5 | Killed a dread lich
 71984 | Crypt:1  | Entered Level 1 of the Crypt
 71984 | Crypt:1  | Received a gift from Nemelex Xobeh
 72035 | Crypt:1  | Found a magical portal.
 72051 | WizLab   | Entered Yara's Duelist Academy
 72446 | WizLab   | Received a gift from Nemelex Xobeh
 72605 | WizLab   | Noticed Gyk Cist
 72618 | WizLab   | Killed Gyk Cist the Head Instructor
 72655 | WizLab   | Got the Handbook of Toxins and Conjuration
 72897 | Crypt:1  | Received a gift from Nemelex Xobeh
 72960 | Crypt:1  | Noticed Xtahua
 72962 | Crypt:1  | Paralysed by Xtahua for 6 turns
 73880 | Crypt:1  | Identified the +1 ring mail of Parlour Games {rElec Regen+}
 74116 | Crypt:1  | Found a large runed translucent door.
 74116 | Crypt:1  | Found a large runed translucent door.
 74120 | Crypt:1  | Noticed Dahum's ghost (veteran FoFi)
 74334 | Crypt:1  | Killed Xtahua
 74889 | Crypt:2  | Received a gift from Nemelex Xobeh
 75230 | Crypt:2  | Found a runed translucent gate.
 75230 | Crypt:2  | Found a runed translucent gate.
 75230 | Crypt:2  | Found a runed translucent gate.
 75232 | Crypt:2  | Noticed Datograv's ghost (adept NaAE)
 75265 | Crypt:2  | Killed Datograv's ghost
 75505 | Crypt:3  | Entered Level 3 of the Crypt
 76239 | Crypt:3  | Received a gift from Nemelex Xobeh
 76676 | Crypt:3  | Noticed a dread lich
 76724 | Crypt:3  | Killed a dread lich
 76726 | Crypt:3  | Found a basalt altar of Yredelemnul.
 76818 | Crypt:3  | Found a staircase to the Tomb.
 76845 | Crypt:3  | Identified the amulet of Arrival {Regen+ Slay+3}
 76845 | Crypt:3  | Identified the ring "Sakesch" {rElec rC+ rN+ Dex+4}
 76845 | Crypt:3  | Identified the ring of Wariness {rPois rC- rN+ Dex+5}
 77169 | Crypt:3  | Got Haeptodgh's Papyrus of Sinister Arts
 77797 | Slime:1  | Entered Level 1 of the Pits of Slime
 77888 | Lair:5   | Reached skill level 15 in Armour
 77986 | Lair:5   | Reached XP level 25. HP: 189/204 MP: 39/39
 79162 | Slime:3  | Received a gift from Nemelex Xobeh
 79690 | Slime:4  | Found a viscous altar of Jiyva.
 79692 | Slime:5  | Entered Level 5 of the Pits of Slime
 80637 | Slime:5  | Noticed the Royal Jelly
 80651 | Slime:5  | Killed the Royal Jelly
 80860 | Slime:5  | Received a gift from Nemelex Xobeh
 80865 | Slime:5  | Got a slimy rune of Zot
 80872 | Slime:5  | Identified the +9 scimitar of the Present {freeze, Dex+2
                  | Stlth+}
 80884 | Slime:5  | Acquired a +2 pair of boots of flying
 80903 | Slime:5  | Identified the +0 scale mail "Erutot" {Rampage Regen+}
 80908 | Slime:5  | Identified the +9 longbow "Tuwuh" {flame, rN+ rCorr Str-4
                  | Int+4}
 81403 | Zig:1    | Entered Level 1 of a ziggurat
 81434 | Zig:2    | Entered Level 2 of a ziggurat
 81461 | Zig:2    | Got the Papyrus of Malediction and Creation
 81467 | Zig:3    | Entered Level 3 of a ziggurat
 81484 | Zig:3    | Acquired a manual of Shields
 81497 | Zig:3    | Identified the +0 plate armour of Yesterday {rPois MP+9
                  | Int+3}
 81502 | Zig:4    | Entered Level 4 of a ziggurat
 81530 | Zig:4    | Identified the +11 dagger of the Dungeon {speed, rN+}
 81586 | Zig:5    | Entered Level 5 of a ziggurat
 81630 | Zig:5    | Identified the amulet of the Dropbear {Reflect rF+ Will+
                  | SH+5 SInv}
 81649 | Zig:5    | Gained mutation: You are surrounded by an aura of silence.
                  | [demonic ancestry]
 81649 | Zig:5    | Reached XP level 26. HP: 114/211 MP: 40/40
 81750 | Zig:6    | Entered Level 6 of a ziggurat
 81790 | Zig:6    | Identified the +7 double sword of Chaos {venom, Fly rC+ rN+
                  | Str-5}
 81793 | Zig:6    | Identified the ring "Qiusazx Bogh" {rCorr MP+9 Dex+4}
 81876 | Zig:7    | Entered Level 7 of a ziggurat
 81879 | Zig:7    | Noticed Busch the pandemonium lord
 81885 | Zig:7    | Killed Busch the pandemonium lord
 81929 | Zig:7    | Identified the +4 long sword "Orb Guardian's Curse" {flame,
                  | Str+5 Dex-4}
 81944 | Zig:8    | Entered Level 8 of a ziggurat
 81972 | Zig:8    | Noticed Huodd the pandemonium lord
 81981 | Zig:8    | Killed Huodd the pandemonium lord
 82155 | Zig:8    | Reached skill level 27 in Invocations
 82155 | Zig:8    | Reached XP level 27. HP: 219/219 MP: 40/40
 82181 | Zig:9    | Entered Level 9 of a ziggurat
 82359 | Zig:9    | Identified the amulet of Heisuata {Acrobat rElec rPois rC+
                  | Dex-2}
 82367 | Zig:9    | Got the Papyrus of Flying Stolen Souls
 82386 | Zig:10   | Entered Level 10 of a ziggurat
 82398 | Zig:10   | Noticed a royal mummy
 82406 | Zig:10   | Killed a royal mummy
 82527 | Zig:11   | Entered Level 11 of a ziggurat
 82541 | Zig:11   | Noticed Loowilleikh the pandemonium lord
 82550 | Zig:11   | Gained mutation: You are clumsy. (Dex -2) [a cacodemon]
 82559 | Zig:11   | Killed Loowilleikh the pandemonium lord
 82561 | Zig:11   | HP: 7/219 [Hell Sentinel/damnation (24)]
 82747 | Zig:11   | Identified the +3 hunting sling "Seyfakk" {speed, rC++}
 82855 | Zot:1    | Entered Level 1 of the Realm of Zot
 83047 | Zot:1    | Found a transporter.
 83190 | Zot:1    | Received a gift from Nemelex Xobeh
 83307 | Zot:1    | Noticed an orb of fire
 83318 | Zot:1    | Killed an orb of fire
 83703 | Zot:1    | Found a transporter.
 83948 | Zot:1    | Reached skill level 27 in Unarmed Combat
 83973 | Zot:1    | Noticed a dread lich
 83975 | Zot:1    | Noticed an orb of fire
 83998 | Zot:1    | Gained mutation: You have hidden genetic defects. [a
                  | cacodemon]
 84016 | Zot:1    | Killed an orb of fire
 84040 | Zot:1    | Killed a dread lich
 84048 | Zot:1    | Gained mutation: You are dopey. (Int -2) [a cacodemon]
 84183 | Zot:1    | Lost mutation: You have hidden genetic defects. [potion of
                  | mutation]
 84183 | Zot:1    | Lost mutation: You are dopey. (Int -2) [potion of mutation]
 84183 | Zot:1    | Lost mutation: You are clumsy. (Dex -2) [potion of
                  | mutation]
 84183 | Zot:1    | Gained mutation: You sometimes lose the ability to read
                  | scrolls when taking damage. [potion of mutation]
 84183 | Zot:1    | Gained mutation: Your body sometimes deteriorates upon
                  | taking damage. [potion of mutation]
 84183 | Zot:1    | Gained mutation: You are robust. (+10% HP) [potion of
                  | mutation]
 84184 | Zot:1    | Lost mutation: You are robust. (+10% HP) [potion of
                  | mutation]
 84184 | Zot:1    | Lost mutation: Your body sometimes deteriorates upon taking
                  | damage. [potion of mutation]
 84184 | Zot:1    | Lost mutation: You sometimes lose the ability to read
                  | scrolls when taking damage. [potion of mutation]
 84184 | Zot:1    | Gained mutation: You occasionally shout uncontrollably at
                  | your foes. [potion of mutation]
 84184 | Zot:1    | Gained mutation: You are agile. (Dex +2) [potion of
                  | mutation]
 84184 | Zot:1    | Gained mutation: You are somewhat resistant to further
                  | mutation. [potion of mutation]
 84232 | Zot:1    | Reached skill level 10 in Dodging
 84416 | Zot:1    | Identified the ring "Onosul" {rF+ EV+4 Dex+2}
 84424 | Zot:1    | Identified the ring "Ykkeklog" {Fire Dex+4}
 84853 | Zot:3    | Received a gift from Nemelex Xobeh
 86149 | Zot:4    | Received a gift from Nemelex Xobeh
 87299 | Zot:5    | Entered Level 5 of the Realm of Zot
 87719 | Zot:5    | Received a gift from Nemelex Xobeh
 88784 | Zot:5    | Noticed an orb of fire
 88802 | Zot:5    | Noticed an orb of fire
 88803 | Zot:5    | Killed an orb of fire
 88812 | Zot:5    | Killed an orb of fire
 88929 | Zot:5    | Noticed an ancient lich
 89234 | Zot:4    | Killed an ancient lich
 89244 | Zot:5    | Noticed a dread lich
 89271 | Zot:5    | Killed a dread lich
 89397 | Zot:5    | Noticed a dread lich
 89402 | Zot:5    | Noticed an ancient lich
 89407 | Zot:5    | Killed a dread lich
 89416 | Zot:5    | Killed an ancient lich
 89655 | Zot:5    | Identified the +9 morningstar of Accord {drain, rElec Will+
                  | SInv}
 89718 | Zot:5    | Received a gift from Nemelex Xobeh
 89795 | Zot:5    | Got the Orb of Zot
 89853 | Zot:5    | Gained mutation: Armour fits poorly on your strangely
                  | shaped body. [mutagenic glow]
 89876 | Zot:5    | Noticed Plog the pandemonium lord
 89905 | Zot:4    | Gained mutation: You sometimes lose the ability to read
                  | scrolls when taking damage. [mutagenic glow]
 90116 | Depths:3 | Noticed Eveur the pandemonium lord
 90351 | D:8      | Noticed Junka the pandemonium lord
 90459 | D:2      | Lost mutation: You are agile. (Dex +2) [a cacodemon]
 90555 | D:$      | Escaped with the Orb!

Illustrated notes

Levels and vault maps discovered:
D:1:      dpeg_arrival_concentric_ovals, layout_basic,
          ebering_ecumenical_altar_webs, minmay_misc_feat_diagonals
D:2:      layout_rooms, basic_altar, uniq_crazy_yiuf_cottage
D:3:      wad_river_or_something, layout_loops_corners, uniq_jessica, uniq_ijyb,
          uniq_terence
D:4:      layout_loops_corners, nicolae_hepliaklqana_hippocampus,
          lemuel_doored_altar, nicolae_qazlal_style_of_elements,
          amcnicky_altar_lugonu_corruption
D:5:      layout_cave_pools, zin_academy, mainiacjoe_overflow_surrounded_room,
          temple_green, cheibrodos_sewer_entry_drain, uniq_edmund,
          uniq_eustachio
D:6:      minmay_evil_eye, layout_rooms, grunt_temple_overflow_holy_war,
          mainiacjoe_overflow_alcove_2
D:7:      layout_basic, uniq_pikel
D:8:      layout_rooms, jmf_multi_god_temple2, erik_lair_dragon, serial_shops,
          nicolae_shop_behind_doors, uniq_psyche
D:9:      layout_stronghold, hiddenorc2_lemuel, serial_shops, shop,
          kennysheep_path_1, hangedman_minor_magic, uniq_gastronok
D:10:     layout_small_grid, chei_slow_surprise, general_overflow_altar,
          mainiacjoe_overflow_six_doors_small, dreamdust_deal_with_the_devil,
          minivault_7
D:11:     wad_guarded_room, layout_long_grid, chequers_serial_rivers_small_3,
          uniq_amaemon, uniq_maurice
D:12:     layout_cave_pools, nicolae_trove_entry_crystal, uniq_nergalle,
          uniq_jorgrun
D:13:     minmay_chambers_of_sevens, layout_cave_pools, serial_column_ruins,
          column_ruins_hut, column_ruins_open_tiny, column_ruins_grid_1,
          column_ruins_open_tiny, column_ruins_grid_1,
          nicolae_yredelemnul_corpse_copse
D:14:     minmay_the_grid_4x2 [minmay_the_grid_minigrid_large,
          minmay_the_grid_broken_lines, minmay_the_grid_empty,
          minmay_the_grid_outer_circle, minmay_the_grid_minigrid_small,
          minmay_the_grid_mess, minmay_the_grid_empty,
          minmay_the_grid_prize_four_corners_diamond_b], layout_irregular_city,
          grunt_vaults_entry_tiered, kennysheep_doodads, uniq_azrael,
          uniq_kirke, uniq_rupert
D:15:     hangedman_depths_entry_civil_slaughter, layout_loops_corners,
          chequers_serial_rivers_micro_e, einodemon_barbed_minivault
Temple:   dpeg_three_leaves_temple
Lair:1:   layout_concentric_octagons, hellmonk_ghost_happy_afterlife,
          infiniplex_staircase_pool, serial_bayou_shore_a, uniq_sonja,
          uniq_fannar, uniq_joseph
Lair:2:   layout_regular_city, dummy_spider_entry, grunt_megastairs_5,
          lemuel_fruit_tree
Lair:3:   layout_cave_pods, minmay_shoals_entry_hut, grunt_megastairs_3
Lair:4:   layout_roguey, nicolae_volcano_entry_batcave,
          kennysheep_abandoned_house
Lair:5:   layout_regular_city, slime_dummy
Lair:6:   minmay_lair_end_enchanted_forest, layout_cellular_growth, worms_lemuel
Shoals:1: layout_shoals, hangedman_shoal_volcano
Shoals:2: layout_shoals, uniq_polyphemus, uniq_roxanne
Shoals:3: layout_shoals, nicolae_shoals_this_corrosion, uniq_ilsuiw, uniq_aizul
Shoals:4: shoals_end_grunt_ice, layout_shoals
Spider:1: layout_spider_delve, portal_ice_cave_entry_ice_statue_one
Spider:2: layout_spider_delve, nicolae_spider_cling_halls, uniq_frances,
          uniq_mlioglotl
Spider:3: layout_spider_delve, nicolae_spider_moth_buddies
Spider:4: hellmonk_spider_rune_endless_swarm, uniq_nikola
Slime:1:  layout_caves, cheibrodos_slime_lost_civilization_5
Slime:2:  layout_caves
Slime:3:  layout_caves
Slime:4:  layout_caves, basic_altar
Slime:5
Orc:1:    layout_diamond_mine, mines4_lemuel
Orc:2:    st_orc_mages, layout_diamond_mine, serial_shops, shop_coins
Elf:1:    nicolae_elf_arrival_aired_out, layout_loops_corners,
          minmay_elf_demonology, grunt_ministairs_3
Elf:2:    elven_hall_of_blades_hangedman_original [nicolae_blade_lattice],
          layout_rooms, serial_shops, shop_fountains, lemuel_flamethrower_1
Elf:3:    elf_hall, layout_loops_cross, uniq_bai_suzhen
Vaults:1: nicolae_vaults_c_with_doors, vaults_dpeg_cross,
          ontoclasm_vaults_decontamination, serial_ice_g, v_pattern_4,
          ontoclasm_vaults_ring_small, ontoclasm_vaults_ring_small,
          dpeg_vaults_monster_box, layout_vaults_quadrants
Vaults:2: grunt_vaults_funneled_arena, hangedman_vaults_nodes,
          nicolae_vaults_network_barrier, hangedman_vaults_locks,
          nicolae_vaults_network_periphery, vaults_mumra_lcd,
          vaults_dpeg_diagonal, nicolae_vaults_bisected_exclaves,
          layout_vaults_omnicross, serial_shops, nicolae_shop_trees
Vaults:3: grunt_vaults_twisty, minmay_crypt_entry_simple_corners,
          hangedman_vaults_maws, nicolae_vaults_stairing_the_circle,
          nicolae_vaults_big_ls, hangedman_vaults_corner,
          nicolae_vaults_network_square, vaults_room_large_hall,
          ontoclasm_vaults_shuriken, nicolae_vaults_ring_of_whatevers,
          nicolae_vaults_little_squares_6, layout_vaults_maze_snakey,
          serial_shops, shop_coins
Vaults:4: ontoclasm_vaults_ligature, ontoclasm_vaults_idyll, v_pattern_2,
          nicolae_vaults_what_the_h, nicolae_vaults_asterisk,
          hangedman_vaults_river_flow, v_misc_13,
          hangedman_vaults_hard_town_square, vaults_room_hallway,
          vaults_dpeg_ring, ontoclasm_vaults_loading_screen,
          layout_vaults_omnibox
Vaults:5: uniq_mennas
Crypt:1:  layout_chaotic_city, ebering_ghost_disaster_area,
          infiniplex_enter_wizlab_glasses, weyrava_ghost_lake,
          grunt_crypt_arrival_split, lemuel_upstairs_altar, uniq_xtahua
Crypt:2:  layout_catacombs, ebering_ghost_rock_garden, grunt_megastairs_2
Crypt:3:  cryptofortress_bobbens
Depths:1: layout_gridlike, muffindrake_ghost_dead_mans_drink, serial_aquarium,
          aquarium_bridge_square [aquarium_subvault_bridge,
          aquarium_subvault_window, aquarium_subvault_balcony,
          aquarium_subvault_window], aquarium_window_corner,
          aquarium_window_fake, aquarium_window_2, aquarium_view_2c,
          aquarium_view_2b, aquarium_pool_1, hell_entry,
          hangedman_cracks_in_the_wall
Depths:2: kennysheep_room_grid, layout_long_grid, ziggurat_fallback,
          roderic_three_in_a_row, rand_demon_pan_entry_9, hell_entry,
          abyss_entry_flame_altar, infiniplex_staircase_split_hallway, uniq_mara
Depths:3: kennysheep_funnel, layout_cave_pools, abyss_entry_crystal, hell_entry,
          serial_bayou_pond_b, minmay_staircase_statues_hall_small,
          uniq_frederick
Depths:4: grunt_zot_entry_pinwheel, layout_cave_pools, hell_entry,
          serial_bayou_shore_b, uniq_enchantress
Zot:1:    gammafunk_dig_for_victory, layout_onion
Zot:2:    grunt_deathspiral_small, layout_onion_interference
Zot:3:    layout_basic, grunt_ministairs_9, grunt_megastairs_4
Zot:4:    layout_concentric_octagons, zot_minivault_6
Zot:5:    layout_basic

Skill      XL: |  1  2  3  4  5  6  7  8  9 10 11 12 13 14 15 16 17 18 19 20 21 22 23 24 25 26 27 |
---------------+----------------------------------------------------------------------------------+-----
Axes           | 2 |  2.0
Unarmed Combat | 1 2 3 4 6 8 9 11 12 13 15 16 18 19 20 21 22 23 24 25 26 27 | 27.0
Armour         | 3 4 5 6 7 8 9 10 11 12 13 14 15 17 | 17.6
Shields        | 3 4 5 6 7 8 9 10 11 12 13 14 15 16 17 18 19 25 | 25.0
Invocations    | 1 2 3 4 6 8 10 12 13 14 17 19 21 22 23 24 25 26 27 | 27.0
Evocations     | 2 4 5 6 7 8 10 11 | 11.6
Fighting       | 4 5 6 7 9 10 11 13 15 16 17 18 | 18.8
Dodging        | 2 3 4 5 6 7 8 10 | 10.3

Action                   |  1- 3 |  4- 6 |  7- 9 | 10-12 | 13-15 | 16-18 | 19-21 | 22-24 | 25-27 || total
-------------------------+-------+-------+-------+-------+-------+-------+-------+-------+-------++-------
Melee: War axe           |   111 |     4 |       |       |       |       |       |       |       ||   115
       Unarmed           |       |   107 |   279 |   571 |   935 |  1423 |  1495 |  1739 |  1578 ||  8127
Invok: Draw Destruction  |       |       |       |     7 |     5 |    31 |    25 |    35 |    29 ||   132
       Draw Summoning    |       |       |       |     1 |       |     1 |     6 |     9 |     7 ||    24
       Draw Escape       |       |       |       |       |       |     1 |       |       |       ||     1
Evoke: Wand              |       |     1 |     8 |    19 |    12 |    24 |    12 |    15 |    34 ||   125
       Lightning rod     |       |       |       |       |       |     4 |     5 |       |       ||     9
       Box of beasts     |       |       |       |       |       |       |       |     1 |       ||     1
  Use: Scroll            |       |     8 |     3 |     8 |    11 |    15 |     5 |     8 |    31 ||    89
       Potion            |       |       |       |     1 |     3 |     4 |     4 |     4 |    22 ||    38
 Stab: Distracted        |       |     2 |       |       |     2 |     1 |     2 |     2 |     2 ||    11
       Confused          |       |       |       |     2 |       |       |       |       |       ||     2
       Paralysed         |       |       |       |     5 |       |     3 |       |       |       ||     8
       Petrified         |       |       |       |       |       |     5 |     5 |       |       ||    10
       Petrifying        |       |       |       |       |       |       |     2 |       |       ||     2
Armor: Scale mail        |    52 |    16 |   128 |   288 |   120 |   700 |   452 |       |   214 ||  1970
       Plate armour      |       |    18 |       |    21 |   250 |       |       |       |       ||   289
       Fire dragon scale |       |       |       |       |    83 |   168 |     7 |     5 |       ||   263
       Chain mail        |       |       |       |       |       |    88 |       |       |       ||    88
       Storm dragon scal |       |       |       |       |       |       |    20 |   464 |       ||   484
       Pearl dragon scal |       |       |       |       |       |       |       |   203 |    16 ||   219
       Gold dragon scale |       |       |       |       |       |       |       |       |   256 ||   256
Dodge: Dodged            |    27 |    42 |    87 |   179 |   179 |   407 |   293 |   324 |   339 ||  1877
Block: Buckler           |    23 |    18 |    54 |   139 |    62 |       |       |       |       ||   296
       Kite shield       |       |       |       |       |   277 |   794 |    71 |       |       ||  1142
       Tower shield      |       |       |       |       |       |       |  1244 |  1718 |  1547 ||  4509
       Reflection        |       |       |       |       |       |       |   149 |   105 |    31 ||   285

Table legend: (Time is in decaauts)
 A = Elapsed time spent in this place.
 B = Non-inter-level travel time spent in this place.
 C = Inter-level travel time spent in this place.
 D = Time resting spent in this place.
 E = Time spent auto-exploring this place.
 F = Levels seen in this place.
 G = Mean time per level.
                   A        B        C        D        E       F      G
               +--------+--------+--------+--------+--------+-----+--------+
         Total |  89006 |  82268 |   6738 |  28483 |  30449 |  73 | 1219.3 |
       Dungeon |  19382 |  16471 |   2911 |   3272 |   8474 |  15 | 1292.1 |
        Temple |     84 |     84 |      0 |      0 |     58 |   1 |   84.0 |
          Lair |   8532 |   7457 |   1075 |   1120 |   4613 |   6 | 1422.0 |
        Shoals |   3835 |   3587 |    248 |    233 |   2208 |   4 |  958.8 |
   Spider Nest |   5636 |   5327 |    309 |   1932 |   1410 |   4 | 1409.0 |
    Slime Pits |   3009 |   2969 |     40 |   1400 |    363 |   5 |  601.8 |
  Orcish Mines |   2767 |   2524 |    243 |    710 |   1119 |   2 | 1383.5 |
   Elven Halls |   6922 |   6764 |    158 |   3536 |   1770 |   3 | 2307.3 |
        Vaults |  13555 |  12821 |    734 |   5870 |   3927 |   5 | 2711.0 |
         Crypt |   4517 |   4347 |    170 |   1441 |   1682 |   3 | 1505.7 |
        Depths |  10498 |   9975 |    523 |   5355 |   2739 |   4 | 2624.5 |
           Zot |   6689 |   6367 |    322 |   2318 |   1687 |   5 | 1337.8 |
      Ziggurat |   1341 |   1341 |      0 |    732 |      0 |  11 |  121.9 |
         Trove |    186 |    186 |      0 |     16 |      0 |   1 |  186.0 |
         Sewer |    551 |    551 |      0 |      2 |    242 |   1 |  551.0 |
      Ice Cave |    418 |    418 |      0 |    158 |      0 |   1 |  418.0 |
       Volcano |    364 |    364 |      0 |     83 |     61 |   1 |  364.0 |
        Wizlab |    712 |    712 |      0 |    301 |     93 |   1 |  712.0 |
               +--------+--------+--------+--------+--------+-----+--------+

Top non-repeatable levels by time:
Vaults:4: 5684 daAuts
   Elf:3: 2860 daAuts
Depths:2: 2805 daAuts
Depths:1: 2695 daAuts
Depths:4: 2566 daAuts
   Elf:1: 2536 daAuts
  Lair:6: 2435 daAuts
Depths:3: 2430 daAuts
Vaults:1: 2429 daAuts
Spider:3: 2236 daAuts
    D:13: 2232 daAuts
 Crypt:1: 2092 daAuts
Vaults:5: 2065 daAuts
Vaults:2: 1964 daAuts
   Zot:4: 1922 daAuts
